 Dungeon Crawl Stone Soup version 0.21.1-1-g345015f (webtiles) character file.

679 inc the Nimble (level 7, 27/27 HPs)
             Began as a Felid Ice Elementalist on Mar 3, 2018.
             Quit the game on level 6 of the Dungeon.
             The game lasted 00:17:18 (9495 turns).

inc the Nimble (Felid Ice Elementalist)             Turns: 9495, Time: 00:17:19

Health: 27/27      AC:  2    Str:  4    XL:     7   Next: 34%
Magic:  11/11      EV: 24    Int: 18    God:
Gold:   244        SH:  0    Dex: 17    Spells: 6/10 levels left
                                        Lives:  0   Deaths: 2

rFire    . . .     SeeInvis +     - Unarmed
rCold    . . .     Gourm    .   (shield unavailable)
rNeg     . . .     Faith    .   (armour unavailable)
rPois    .         Spirit   .   (helmet unavailable)
rElec    .         Reflect  .   (cloak unavailable)
rCorr    .         Harm     .   (gloves unavailable)
MR       +....                  (boots unavailable)
Stlth    +++.......             (no amulet)
HPRegen  0.09/turn              i - +3 ring of slaying
MPRegen  0.12/turn              (no ring)

@: quick
A: very small, no armour, no weapons or thrown items, stealth, claws 1, fangs 3,
see invisible, carnivore, speed 1, shaggy fur 2, slow metabolism 1, sharp paws
a: no special abilities


You were on level 6 of the Dungeon.
You were not hungry.

You visited 1 branch of the dungeon, and saw 6 of its levels.

You collected 244 gold pieces.

Inventory:

Jewellery
 i - a +3 ring of slaying (left paw)
 j - a +2 ring of protection {unknown}
 t - an uncursed amulet of the gourmand
Wands
 r - a wand of random effects (25)
Scrolls
 c - 3 scrolls of blinking {unknown}
 e - a scroll of fog {unknown}
 g - 3 scrolls of teleportation {unknown}
 k - 2 scrolls of magic mapping {unknown}
 l - 2 scrolls of fear {unknown}
 p - 2 scrolls of remove curse
 q - a scroll of enchant armour {unknown}
Potions
 d - a potion of brilliance
 f - a potion of might
 h - a potion of degeneration
 n - 2 potions of magic
 o - 2 potions of haste
Books
 a - a book of Frost

   Spells                             Type                      Level
   a - Freeze                         Ice                          1
   b - Throw Frost                    Conjuration/Ice              2
   c - Ozocubu's Armour               Charms/Ice                   3
   d - Throw Icicle                   Conjuration/Ice              4
   e - Summon Ice Beast               Ice/Summoning                4
 s - Rijutyes's Collected Works on Spatial Creation
   (You found it on level 6 of the Dungeon)

   Spells                             Type                      Level
   a - Summon Mana Viper              Hexes/Summoning              5
   b - Summon Hydra                   Summoning                    7
   c - Controlled Blink               Translocation                8
Comestibles
 b - 11 rations


   Skills:
 - Level 8.3 Dodging
 - Level 2.6 Stealth
 + Level 8.0 Unarmed Combat
 - Level 2.0 Spellcasting
   Level 0.8 Conjurations
 - Level 3.1 Charms
 - Level 4.4 Ice Magic


You had 6 spell levels left.
You knew the following spells:

 Your Spells              Type           Power        Failure   Level  Hunger
a - Freeze                Ice            ###.         2%          1    #......
b - Ozocubu's Armour      Chrm/Ice       ###.....     11%         3    ###....


Dungeon Overview and Level Annotations

Branches:
Dungeon (6/15)
 Temple: D:4-7

Altars:
Okawaru
Sif Muna
Wu Jian
The Shining One

Annotations:
D:5 2 runed doors
D:6 Edmund, Eustachio


Innate Abilities, Weirdness & Mutations

You cannot wear armour.
You are incapable of wielding weapons or throwing items.
Your paws allow you to move quietly. (Stealth)
You have sharp claws.
You have razor-sharp teeth.
You have supernaturally acute eyesight. (SInv)
You are carnivorous and can eat meat at any time.
You cover ground quickly.
You are covered in thick fur. (AC +2)
You have a slow metabolism.
Your sharp claws are effective at attacking unaware monsters.


Message History

You are more poisoned.
You are too injured to fight recklessly!
You are too injured to fight recklessly!
You are too injured to fight recklessly!
You are too injured to fight recklessly!
You are too injured to fight recklessly!
You are too injured to fight recklessly!
You are too injured to fight recklessly!
You are too injured to fight recklessly!
You are too injured to fight recklessly!
* * * LOW HITPOINT WARNING * * *
You feel sick.
Okay, then.
You closely miss Edmund.
Edmund is almost dead.
You die...
You feel sick. Edmund closely misses you.
You are now level 7!
You rejoin the land of the living...
Are you sure you want to abandon this character and quit the game? (Confirm with "yes".)

..###..<.#
##....####.####..# ##
#...## ##..##..#.รท##
...# ##.## ##..##
#....# #...# #.#
##..## #...####.# .
#.# ##..## ##...##..#
#.# #..## #........#
#.# ##$.##
###.......##
...##....###..###....#
..........@.##
##......#
@............#
#......#
.#....####...##
##....## ##.## ###..#
###..# #. #.## ..# #
#.# #.# #.# #.# #.#


There were no monsters in sight!

Vanquished Creatures
  Pikel (D:5)
  Menkaure (D:5)
  A sky beast (D:5)
  An ogre (D:5)
  2 centaurs (D:5)
  A bullfrog (D:6)
  Blork the orc (D:5)
  A scorpion (D:5)
  A water moccasin skeleton (D:4)
  2 hounds
  3 orc wizards (D:5)
  A bullfrog skeleton (D:6)
  An iron imp (D:5)
  An iguana (D:4)
  10 adders
  4 gnolls (D:3)
  2 shadow imps (D:5)
  An adder skeleton (D:6)
  2 worms
  3 dart slugs (D:2)
  2 fire bats (D:5)
  4 leopard geckos
  15 orcs
  A spectral bat (D:5)
  16 bats
  2 bat skeletons (D:5)
  A bat zombie (D:5)
  4 giant cockroaches
  5 goblins
  7 hobgoblins
  4 jackals
  7 kobolds
  6 quokkas
  3 ball pythons
  10 frilled lizards
  A goblin skeleton (D:5)
  2 goblin zombies (D:5)
  5 hobgoblin zombies (D:5)
  A jackal skeleton (D:6)
  2 kobold skeletons (D:5)
  A kobold zombie (D:5)
  A leopard gecko skeleton (D:5)
  An orc zombie (D:5)
  10 rats
151 creatures vanquished.

Vanquished Creatures (others)
  A vampire bat (D:5)
  A fire bat (D:5)
  A spectral bat (D:5)
  A bat skeleton (D:5)
  A bat simulacrum (D:5)
5 creatures vanquished.

Grand Total: 156 creatures vanquished

Notes
Turn   | Place    | Note
-------+----------+-------------------------------------------
     0 | D:1      | inc the Felid Ice Elementalist began the quest for the Orb.
     0 | D:1      | Reached XP level 1. HP: 7/7 MP: 4/4
   395 | D:1      | Reached XP level 2. HP: 10/11 MP: 1/6
  1623 | D:2      | Reached XP level 3. HP: 13/14 MP: 4/7
  1929 | D:2      | Found a deep blue altar of Sif Muna.
  2558 | D:2      | Reached XP level 4. HP: 18/18 MP: 6/8
  2652 | D:2      | Learned a level 3 spell: Ozocubu's Armour
  2809 | D:3      | Reached skill level 1 in Charms
  3314 | D:3      | Found an ornate altar of the Wu Jian Council.
  3614 | D:3      | Reached XP level 5. HP: 17/21 MP: 6/9
  4848 | D:4      | Noticed an ogre
  4992 | D:5      | Entered Level 5 of the Dungeon
  5004 | D:5      | Found a glowing golden altar of the Shining One.
  5690 | D:4      | Gained mutation: You are covered in thick fur. (AC +2) [Felid growth]
  5690 | D:4      | Reached XP level 6. HP: 24/24 MP: 2/10
  5851 | D:5      | Noticed Menkaure
  5901 | D:6      | Identified Rijutyes's Collected Works on Spatial Creation
  6149 | D:6      | Reached skill level 5 in Dodging
  6368 | D:6      | Noticed Edmund
  6733 | D:6      | Noticed Eustachio
  6760 | D:6      | Noticed an orc warrior
  6967 | D:5      | Reached XP level 7. HP: 18/27 MP: 0/11
  7211 | D:5      | Killed Menkaure
  7518 | D:5      | Found a runed door.
  7530 | D:5      | Found a runed door.
  7550 | D:5      | Found an iron altar of Okawaru.
  7678 | D:5      | Slain by a sky beast
  7679 | D:5      | Reached XP level 6. HP: -1/24 MP: 0/10
  7716 | D:5      | HP: 1/24 [orc wizard/magic dart (7)]
  8008 | D:5      | HP: 1/24 [orc/hand axe of flaming (2)]
  8312 | D:5      | Reached XP level 7. HP: 10/27 MP: 0/11
  8650 | D:5      | Reached skill level 5 in Unarmed Combat
  8799 | D:5      | Noticed Blork the orc
  8853 | D:5      | Killed Blork the orc
  9084 | D:5      | Noticed Pikel
  9112 | D:5      | Killed Pikel
  9112 | D:5      | Reached XP level 8. HP: 10/31 MP: 0/12
  9494 | D:6      | Succumbed to Edmund's poison
  9495 | D:6      | Reached XP level 7. HP: 0/27 MP: 10/11
  9495 | D:6      | Quit the game

Skill      XL: |  1  2  3  4  5  6  7  8 |
---------------+-------------------------+-----
Ice Magic      | 3 4 |  4.4
Charms         | 3 |  3.1
Unarmed Combat | 3 4 7 8 |  8.0
Dodging        | 3 6 8 |  8.3
Stealth        | |  2.6
Spellcasting   | |  2.0
Conjurations   | |  0.8

Action                   |  1- 3 |  4- 6 |  7- 9 || total
-------------------------+-------+-------+-------++-------
Melee: Unarmed           |    22 |    93 |   145 ||   260
       Bite              |     2 |    13 |    17 ||    32
       Punch             |       |       |     2 ||     2
 Cast: Freeze            |    61 |   102 |    24 ||   187
       Ozocubu's Armour  |       |    20 |     7 ||    27
  Use: Scroll            |       |     9 |       ||     9
       Potion            |       |     1 |     4 ||     5
 Stab: Sleeping          |    12 |    12 |     1 ||    25
  Eat: Chunk             |     6 |    12 |       ||    18
       Ration            |       |     1 |     1 ||     2
Armor: Skin              |     5 |    15 |    30 ||    50
Dodge: Dodged            |    45 |   156 |   178 ||   379
